 Dungeon Crawl Stone Soup version 0.21-a0-400-g417d9d2 (webtiles) character file.

168419 theanonym the Warrior (level 17, -17/178 HPs)
             Began as a Gargoyle Fighter on Oct 20, 2017.
             Was the Champion of Makhleb.
             Killed from afar by a frost giant (45 damage)
             ... with a bolt of cold
             ... on level 4 of the Shoals.
             The game lasted 02:32:22 (35524 turns).

theanonym the Warrior (Gargoyle Fighter)           Turns: 35524, Time: 02:32:22

Health: -17/178    AC: 28    Str: 27    XL:     17   Next: 94%
Magic:  23/23      EV:  2    Int:  9    God:    Makhleb [******]
Gold:   2160       SH: 15    Dex:  9    Spells: 14/16 levels left

rFire    . . .     SeeInvis .   u - +0 broad axe (chop)
rCold    . . .     Gourm    .   c - +1 shield
rNeg     + + +     Faith    .   (armour currently unavailable)
rPois    ∞         Spirit   .   (helmet currently unavailable)
rElec    .         Reflect  .   (cloak currently unavailable)
rCorr    .         Harm     .   (gloves currently unavailable)
MR       +....     NoTele   +   (boots currently unavailable)
Stlth    +.........             m - amulet of regeneration
HPRegen  0.79/turn              G - +3 ring of evasion
MPRegen  0.18/turn              j - +4 ring of evasion

@: tree-form, mesmerised
A: negative energy resistance 1, petrification resistance, rot immunity, AC +12
a: Minor Destruction, Lesser Servant of Makhleb, Major Destruction, Greater
Servant of Makhleb, Renounce Religion


You were on level 4 of the Shoals.
You worshipped Makhleb.
Makhleb was exalted by your worship.
You were hungry.
You were a tree.
You visited 5 branches of the dungeon, and saw 28 of its levels.

You collected 3198 gold pieces.
You spent 1038 gold pieces at shops.

Inventory:

Hand Weapons
 s - a +0 falchion of flaming
   (You took it off a big kobold on level 8 of the Dungeon)
 u - a +0 broad axe of chopping (weapon)
   (You took it off an orc knight on level 1 of the Orcish Mines)
Missiles
 i - 3 throwing nets (quivered)
 p - 10 silver javelins
 Q - 14 javelins
Armour
 c - a +1 shield (worn)
 h - a +2 plate armour of fire resistance (melded)
   (You took it off an orc warrior on level 2 of the Orcish Mines)
 w - a +2 hat (melded)
   (You found it on level 6 of the Dungeon)
 y - a +0 cloak (melded)
   (You found it on level 6 of the Dungeon)
 D - a +0 hat of see invisible
   (You took it off Gastronok on level 8 of the Dungeon)
 H - a +0 pair of gloves of dexterity (melded)
   (You found it on level 12 of the Dungeon)
 M - a +1 pair of boots (melded)
   (You found it on level 1 of the Lair of Beasts)
Jewellery
 j - a +4 ring of evasion (right branch)
   (You found it on level 13 of the Dungeon)
 k - an uncursed ring of protection from magic
   (You found it on level 11 of the Dungeon)
 m - an amulet of regeneration (around neck)
   (You bought it in a shop on level 2 of the Orcish Mines)
 o - an uncursed ring of resist corrosion
   (You found it on level 8 of the Dungeon)
 C - an uncursed ring of ice
   (You found it on level 10 of the Dungeon)
 G - a +3 ring of evasion (left branch)
   (You found it on level 7 of the Dungeon)
Wands
 n - a wand of confusion (16/48)
   (You took it off Ijyb on level 5 of the Dungeon)
 J - a wand of digging (24/24)
   (You found it on level 14 of the Dungeon)
 U - a wand of paralysis (7/24)
   (You found it on level 4 of the Shoals)
Scrolls
 a - 2 scrolls of magic mapping
 b - 7 scrolls of blinking
 e - 13 scrolls of teleportation
 r - 3 scrolls of identify
 A - 5 scrolls of fear {!r}
 E - 2 scrolls of noise
 I - 5 scrolls of remove curse
 K - 3 scrolls of summoning
 O - 3 scrolls of fog {!r}
 R - a scroll of immolation
Potions
 t - a potion of berserk rage
 v - 2 potions of invisibility
 x - 4 potions of lignification
 z - 2 potions of cancellation
 B - 2 potions of curing
 N - 5 potions of ambrosia
 P - a potion of resistance
 S - a potion of haste
Comestibles
 d - 16 royal jellies
 f - 9 bread rations
 g - 17 meat rations
 l - 12 chunks of flesh


   Skills:
 + Level 17.6 Fighting
 - Level 16.0 Axes
 - Level 15.0 Armour
 + Level 14.5 Shields
 + Level 8.7 Invocations


You had 14 spell levels left.
You knew the following spells:

 Your Spells              Type           Power        Failure   Level  Hunger
a - Swiftness             Chrm/Air       #.......     54%         2    ###....


Dungeon Overview and Level Annotations

Branches:
Dungeon (15/15)            Temple (1/1) D:7            Lair (6/6) D:11
 Shoals (4/4) Lair:3       Spider (0/4) Lair:2        Slime (0/5) Lair:6
    Orc (2/2) D:10            Elf (0/3) Orc:2        Vaults (0/5) D:13
 Depths (0/5) D:15

Altars:
Ashenzari
Cheibriados
Dithmenos
Elyvilon
Fedhas
Gozag
Hepliaklqana
Kikubaaqudgha
Makhleb
Nemelex Xobeh
Okawaru
Qazlal
Ru
Sif Muna
Trog
Uskayaw
Vehumet
Wu Jian
Xom
Yredelemnul
Zin
The Shining One
Beogh
Jiyva

Shops:
D:14 ?   Orc:2 *[=(   Shoals:1 }

Annotations:
D:5 Prince Ribbit
Shoals:1 2 transporters


Innate Abilities, Weirdness & Mutations

You are resistant to torment.
((Your stone body is resilient. (AC +12)))
You are immune to poison.
((Your large and strong wings let you fly indefinitely.))
You resist negative energy. (rN+)
((You are resistant to electric shocks. (rElec)))
((You can survive without breathing.))
You are immune to petrification.
You are immune to rotting.


Message History

You block the merfolk javelineer's attack.
You take 6 damage, and have 67/119 hp.
You slice the frost giant!!
The frost giant burns!
The frost giant casts a spell at you. The bolt of cold misses you.
Your smoke demon hits the frost giant but does no damage. x3
You hit the frost giant.
The frost giant burns!
The merfolk javelineer hits you from afar with a spear of freezing.
The merfolk javelineer freezes you.
The merfolk siren chants its luring song.
You take 5 damage, and have 63/119 hp.
You hit the frost giant but do no damage.
The frost giant burns!
The frost giant stops burning.
The frost giant gestures at you while chanting.
The bolt of cold hits you!
* * * LOW HITPOINT WARNING * * *
Your smoke demon hits the frost giant but does no damage.
Your smoke demon hits the frost giant.
Your smoke demon hits the frost giant but does no damage.
You block the merfolk javelineer's attack.
The merfolk siren chants its luring song.
You take 30 damage, and have 33/119 hp.
MASSIVE DAMAGE!!
As you read the scroll of teleportation, it crumbles to dust.
You feel strangely unstable. You block the frost giant's attack.
The frost giant hits your smoke demon with a battleaxe of freezing!
The frost giant freezes your smoke demon.
Your smoke demon dies!
The merfolk javelineer completely misses you.
The merfolk siren chants its luring song.
A demon appears!
The merfolk javelineer hits you but does no damage.
The frost giant casts a spell at you. The bolt of cold hits you!
The merfolk siren chants its luring song.
You take 3 damage, and have 30/119 hp.
You hit the frost giant but do no damage.
The merfolk javelineer hits you but does no damage.
You block the frost giant's attack.
You turn into a tree.
Your +0 cloak melds into your body.
Your +2 hat melds into your body.
Your +0 pair of gloves of dexterity melds into your body.
Your +1 pair of boots melds into your body.
Your +2 plate armour of fire resistance melds into your body.
You feel clumsy.
You feel less resistant to fire.
Your roots penetrate the ground.
You feel strangely stable.
The merfolk siren chants its luring song.
The merfolk javelineer hits you but does no damage.
You now have 46/178 hp.
You hit the frost giant but do no damage.
The frost giant hits you but does no damage.
The merfolk siren chants its luring song.
The merfolk javelineer hits you from afar with a spear of freezing.
* * * LOW HITPOINT WARNING * * *
The merfolk javelineer freezes you.
* * * LOW HITPOINT WARNING * * *
Your orange demon stings the frost giant from afar.
The frost giant is poisoned.
Your orange demon poisons the frost giant!
You take 4 damage, and have 42/178 hp.
You slash the frost giant!
The frost giant hits you with a battleaxe of freezing!
* * * LOW HITPOINT WARNING * * *
The frost giant freezes you.
* * * LOW HITPOINT WARNING * * *
Your orange demon stings the frost giant from afar!
You block the merfolk javelineer's attack.
You take 17 damage, and have 25/178 hp.
Unknown command.
Okay, then.
Unknown command.
You feel better.
The merfolk siren chants its luring song.
The merfolk javelineer hits you but does no damage.
The frost giant hits you but does no damage.
Your orange demon stings the frost giant from afar.
You regained 9 hp, and now have 34/178 hp.
You feel better.
The merfolk siren chants its luring song.
Your orange demon stings the frost giant from afar!
You block the merfolk javelineer's attack.
You regained 6 hp, and now have 40/178 hp.
You barely miss the frost giant.
The merfolk siren chants its luring song.
The frost giant points at you and mumbles some strange words.
Helpless, you fail to dodge the bolt of cold.
* * * LOW HITPOINT WARNING * * *
You take 14 damage, and have 26/178 hp.
Unknown command.
You feel better.
Your orange demon stings the frost giant from afar.
The merfolk javelineer hits you from afar with a spear of freezing.
* * * LOW HITPOINT WARNING * * *
The merfolk javelineer freezes you.
* * * LOW HITPOINT WARNING * * *
The frost giant gestures at your orange demon while chanting.
Helpless, you fail to dodge the bolt of cold.
You die...

....≈≈≈≈≈≈...... .≈.
##..≈≈≈≈≈≈≈...... . .#.
#≈...≈≈≈≈≈....... ≈. .≈
#.....≈≈)≈.≈.....
#.#≈##≈.....≈)((≈(≈÷≈≈
.≈≈Cm #......)†≈≈≈(≈≈≈
#mm##.......≈≈≈.≈(≈( #
### #C((.)....≈≈≈....≈
≈#≈#≈≈##♣(((.....≈≈.#...≈
≈≈≈≈≈≈≈4§.(.(..≈≈≈≈....≈≈
≈≈≈≈≈≈≈≈§≈≈..≈≈≈≈≈≈..≈≈≈≈
≈≈≈≈≈≈))§≈≈≈≈≈≈≈≈≈≈≈.≈≈≈≈
≈≈≈≈≈≈))≈≈≈≈≈≈≈≈≈≈≈≈≈≈≈≈≈
≈≈≈≈≈≈≈≈≈≈≈≈≈≈≈≈≈≈≈≈≈≈≈≈≈
≈≈≈≈≈≈≈≈≈≈≈≈≈≈≈≈≈≈≈≈≈≈≈≈≈
≈≈≈≈≈≈≈≈≈≈≈≈≈≈≈≈≈≈≈≈≈≈≈≈≈
≈≈≈≈≈≈≈≈≈≈≈≈≈≈≈≈≈≈≈≈≈≈≈≈≈


You could see a frost giant, a merfolk impaler, a merfolk javelineer, a cyclops
and a friendly orange demon.

Vanquished Creatures
  Rupert (D:13)
  Gastronok (D:8)
  A kraken (Shoals:1)
  Kirke (D:13)
  Ilsuiw (Shoals:4)
  Louise (D:14)
  Azrael (D:13)
  3 merfolk javelineers
  Josephine (Lair:5)
  A fire dragon (Lair:6)
  Erolcha (D:13)
  9 merfolk impalers
  A rakshasa (D:15)
  2 catoblepae
  9 hydras
  2 centaur warriors
  4 vault guards (D:13)
  10 two-headed ogres
  A death knight (D:12)
  3 merfolk avatars
  3 merfolk aquamancers
  An alligator snapping turtle (Shoals:4)
  An ogre mage (D:15)
  2 tengu warriors (D:14)
  4 satyrs
  12 death yaks
  2 orc high priests (Orc:2)
  A fire crab (shapeshifter) (D:14)
  2 unseen horrors
  14 sea snakes
  A wizard (D:13)
  A glowing orange brain (D:15)
  2 lindwurms (Lair:6)
  A phantasmal warrior (D:12)
  2 oklob plants
  A wolf spider zombie (D:15)
  7 orc knights
  7 harpies (Shoals:3)
  3 ugly things
  4 orc sorcerers
  12 manticores
  An orb spider (Lair:2)
  9 fauns
  5 cyclopes
  6 elephants (Lair:2)
  10 merfolk sirens
  4 centaur zombies
  5 torpor snails (Lair:6)
  An eye of devastation (shapeshifter) (D:15)
  3 water nymphs
  2 centaur skeletons
  A gargoyle (D:11)
  3 black mambas (Lair:6)
  8 spiny frogs
  4 rime drakes
  A freezing wraith (D:12)
  7 komodo dragons
  2 yaktaurs (D:13)
  9 polar bears (Lair:6)
  14 trolls
  A wind drake (Shoals:3)
  22 merfolk
  7 hornets
  27 dream sheep
  7 hippogriffs
  23 blink frogs
  13 slime creatures
  3 tyrant leeches (Lair:6)
  2 raiju (Lair:6)
  9 snapping turtles
  3 shadows
  27 yaks
  12 water elementals
  7 wraiths
  The ghost of tof the Chopper, an amateur MiBe of Trog (D:4)
  4 fire elementals
  A hog (D:13)
  5 wyverns
  4 hungry ghosts
  5 basilisks
  3 chaos spawn (D:14)
  3 vampire mosquitoes (D:14)
  5 wargs
  3 acid dragons
  10 porcupines
  14 water moccasins
  18 hell hounds
  2 ice beasts
  5 sky beasts
  15 black bears
  38 orc warriors
  A black bear (shapeshifter) (D:13)
  19 wolves (Lair:6)
  2 eyes of draining (D:14)
  15 ogres
  A phantom (D:12)
  A tengu (shapeshifter) (D:15)
  A necrophage (D:9)
  4 centaurs
  11 crocodiles
  5 big kobolds
  Blork the orc (D:4)
  15 bullfrogs
  2 scorpions
  A wyvern skeleton (D:6)
  17 killer bees
  A water moccasin skeleton (D:11)
  17 wights
  3 howler monkeys
  7 crimson imps
  3 jellies
  A quasit (D:12)
  3 hounds
  2 bullfrog skeletons
  16 orc priests
  A gnoll shaman (D:7)
  32 orc wizards
  Ijyb (D:5)
  4 iguanas
  10 worker ants
  3 killer bee zombies
  A hound skeleton (D:5)
  A howler monkey zombie (D:7)
  A howler monkey skeleton (D:5)
  15 gnolls
  25 adders
  5 shadow imps
  2 oozes
  An adder zombie (D:7)
  5 adder skeletons
  5 worms
  3 dart slugs
  4 leopard geckos
  85 orcs
  4 bats
  9 giant cockroaches
  5 goblins
  16 hobgoblins
  A jackal (shapeshifter) (D:15)
  10 jackals
  15 kobolds
  4 quokkas
  A ball python (D:1)
  4 frilled lizards
  2 leopard gecko skeletons
  A quokka zombie (D:5)
  11 rats
  2 fungi
  11 plants
  A tentacle (Shoals:1)
981 creatures vanquished.

Vanquished Creatures (collateral kills)
  Polyphemus (Shoals:3)
  An orc warlord (Orc:1)
  A merfolk javelineer (Shoals:4)
  Snorg (Lair:3)
  A merfolk impaler (Shoals:4)
  2 merfolk aquamancers (Shoals:4)
  A merfolk avatar (Shoals:2)
  A merfolk siren (Shoals:4)
  A manticore (Shoals:3)
  A troll (Orc:1)
  A merfolk (Shoals:3)
  A snapping turtle (Shoals:4)
  A water elemental (Shoals:2)
  A porcupine (Lair:5)
  3 orc warriors (Orc:1)
  An adder (D:12)
  4 orcs (Orc:1)
23 creatures vanquished.

Vanquished Creatures (others)
  A kraken (D:1)
  A minotaur (D:1)
  A gargoyle (D:1)
  2 spriggans (D:1)
  2 humans
  A naga (D:1)
  2 dwarves (D:1)
  2 bushes
  14 fungi
  76 plants
  15 tentacles
117 creatures vanquished.

Grand Total: 1121 creatures vanquished

Notes
Turn   | Place    | Note
-------+----------+-------------------------------------------
     0 | D:1      | theanonym the Gargoyle Fighter began the quest for the Orb.
     0 | D:1      | Reached XP level 1. HP: 14/14 MP: 1/1
     0 | D:1      | Noticed a dwarf
     0 | D:1      | Noticed an octopode
     0 | D:1      | Noticed a gargoyle
     0 | D:1      | Noticed a dwarf
     0 | D:1      | Noticed a minotaur
     0 | D:1      | Noticed a kraken
     0 | D:1      | Noticed a minotaur
     0 | D:1      | Noticed a spriggan
     0 | D:1      | Noticed a draconian
     0 | D:1      | Noticed a naga
     0 | D:1      | Noticed a dwarf
     0 | D:1      | Noticed a spriggan
     4 | D:1      | Killed a dwarf
     5 | D:1      | Killed a spriggan
     6 | D:1      | Killed a spriggan
    10 | D:1      | Killed a naga
    10 | D:1      | Killed a dwarf
    11 | D:1      | Killed a gargoyle
    13 | D:1      | Killed a minotaur
    15 | D:1      | Killed a kraken
   498 | D:1      | Reached XP level 2. HP: 19/19 MP: 2/2
   520 | D:1      | Reached skill level 2 in Axes
   876 | D:1      | Reached XP level 3. HP: 24/24 MP: 3/3
  1151 | D:1      | Reached skill level 4 in Fighting
  1285 | D:1      | Reached XP level 4. HP: 6/30 MP: 4/4
  1614 | D:2      | Reached skill level 4 in Armour
  1620 | D:2      | Reached XP level 5. HP: 32/34 MP: 5/5
  1708 | D:2      | Reached skill level 4 in Shields
  2056 | D:2      | Reached skill level 5 in Fighting
  2366 | D:3      | Reached XP level 6. HP: 40/40 MP: 6/6
  2602 | D:3      | Reached skill level 3 in Axes
  2641 | D:3      | Noticed an ice beast
  2927 | D:2      | Killed an ice beast
  2991 | D:3      | Found a faded altar of an unknown god.
  3053 | D:3      | Found a radiant altar of Vehumet.
  3244 | D:4      | Found a sparkling altar of Nemelex Xobeh.
  3352 | D:4      | Reached XP level 7. HP: 28/45 MP: 7/7
  3551 | D:4      | Noticed tof's ghost (amateur MiBe)
  3603 | D:4      | Reached skill level 6 in Fighting
  4364 | D:4      | Killed tof's ghost
  4364 | D:4      | Reached skill level 5 in Armour
  4364 | D:4      | Reached skill level 5 in Shields
  4598 | D:4      | Found a shattered altar of Ashenzari.
  4605 | D:4      | You fall through a shaft for 2 floors!
  4933 | D:5      | Entered Level 5 of the Dungeon
  4949 | D:5      | Reached XP level 8. HP: 52/52 MP: 8/8
  5310 | D:4      | Reached skill level 7 in Fighting
  5441 | D:5      | Noticed Blork the orc
  5457 | D:4      | Killed Blork the orc
  5457 | D:4      | Reached skill level 4 in Axes
  5732 | D:5      | Found a shimmering altar of Xom.
  5919 | D:5      | Noticed Ijyb
  5934 | D:5      | Killed Ijyb
  7141 | D:5      | Noticed Prince Ribbit
  7413 | D:6      | Found a glowing silver altar of Zin.
  7608 | D:6      | Reached skill level 8 in Fighting
  8016 | D:6      | Reached skill level 5 in Axes
  8338 | D:7      | Reached XP level 9. HP: 60/60 MP: 9/9
  8450 | D:7      | Reached skill level 9 in Fighting
  8450 | D:7      | Reached skill level 6 in Armour
  8972 | D:7      | Found a staircase to the Ecumenical Temple.
  8979 | Temple   | Entered the Ecumenical Temple
  9445 | Temple   | Became a worshipper of Makhleb the Destroyer
  9477 | D:7      | Found the +7 sceptre of Torment
  9561 | D:7      | Found a hazy altar of Hepliaklqana.
  9714 | D:7      | Found a basalt altar of Yredelemnul.
  9726 | D:7      | Reached skill level 10 in Fighting
  9727 | D:7      | Found a deep blue altar of Sif Muna.
  9921 | D:8      | Noticed a two-headed ogre
  9968 | D:7      | Reached skill level 6 in Axes
 10101 | D:7      | Reached skill level 7 in Armour
 10299 | D:8      | Reached * piety under Makhleb
 10365 | D:8      | Killed a two-headed ogre
 10365 | D:8      | Reached XP level 10. HP: 65/68 MP: 10/10
 10573 | D:8      | Reached skill level 8 in Armour
 10626 | D:8      | Reached skill level 7 in Axes
 10836 | D:8      | Noticed Gastronok
 10854 | D:8      | Killed Gastronok
 10854 | D:8      | Reached skill level 11 in Fighting
 10854 | D:8      | Reached skill level 9 in Armour
 11136 | D:8      | Found an iron altar of Okawaru.
 11136 | D:8      | Found a snail-covered altar of Cheibriados.
 11234 | D:8      | Reached skill level 8 in Axes
 11469 | D:8      | Reached XP level 11. HP: 69/76 MP: 11/11
 11512 | D:8      | Reached skill level 12 in Fighting
 11531 | D:8      | Noticed a three-headed hydra
 11542 | D:8      | Killed a one-headed hydra
 11624 | D:8      | Reached skill level 10 in Armour
 11694 | D:8      | Reached ** piety under Makhleb
 11991 | D:9      | Found an ancient bone altar of Kikubaaqudgha.
 12536 | D:9      | Got a crude scale mail
 12547 | D:9      | Identified the cursed +0 scale mail "Hero's Friend" {+Inv} (You found it on level 9 of the Dungeon)
 12834 | D:10     | Entered Level 10 of the Dungeon
 12971 | D:9      | Reached skill level 9 in Axes
 13419 | D:10     | Reached *** piety under Makhleb
 13606 | D:10     | Found a staircase to the Orcish Mines.
 14000 | D:11     | Noticed a cyan ugly thing
 14036 | D:11     | Killed a cyan ugly thing
 14036 | D:11     | Reached skill level 6 in Shields
 14334 | D:11     | Noticed a two-headed ogre
 14336 | D:11     | Noticed a brown ugly thing
 14353 | D:10     | Killed a two-headed ogre
 14440 | D:11     | Killed a brown ugly thing
 14558 | D:11     | Reached XP level 12. HP: 82/82 MP: 12/12
 14919 | D:11     | Reached skill level 11 in Armour
 14972 | D:11     | Found a staircase to the Lair.
 15249 | Lair:1   | Entered Level 1 of the Lair of Beasts
 15370 | Lair:1   | Reached skill level 13 in Fighting
 15503 | Lair:1   | Reached skill level 10 in Axes
 15565 | Lair:1   | Reached skill level 1 in Invocations
 15578 | Lair:1   | Reached skill level 7 in Shields
 15878 | D:11     | Reached **** piety under Makhleb
 15925 | Lair:1   | Reached skill level 2 in Invocations
 16489 | Lair:2   | Found a deep blue altar of Sif Muna.
 16891 | Lair:2   | Found a hole to the Spider Nest.
 16940 | Lair:2   | Reached skill level 3 in Invocations
 17141 | Lair:2   | Found a blossoming altar of Fedhas.
 18164 | Lair:2   | Reached skill level 8 in Shields
 18179 | Lair:3   | Noticed a death yak
 18188 | Lair:2   | Reached skill level 11 in Axes
 18188 | Lair:2   | Reached skill level 4 in Invocations
 18224 | Lair:2   | Reached XP level 13. HP: 85/88 MP: 16/16
 18470 | Lair:3   | Found a staircase to the Shoals.
 19106 | Lair:3   | Noticed Snorg
 19119 | Lair:3   | Killed Snorg
 19614 | Orc:1    | Entered Level 1 of the Orcish Mines
 19974 | Orc:1    | Reached skill level 9 in Shields
 20102 | Orc:2    | Entered Level 2 of the Orcish Mines
 20122 | Orc:1    | Reached skill level 14 in Fighting
 20449 | Orc:2    | Reached skill level 12 in Axes
 20469 | Orc:2    | Reached ***** piety under Makhleb
 20554 | Orc:1    | Reached skill level 5 in Invocations
 20806 | Orc:2    | Found a staircase to the Elven Halls.
 21778 | Orc:2    | Found a roughly hewn altar of Beogh.
 21910 | Orc:2    | Noticed an orc warlord
 21980 | Orc:1    | Killed an orc warlord
 22320 | Orc:2    | Found Pimaapt's Antique Armour Shop.
 22336 | Orc:2    | Found Fucsoat's Antique Weapon Shop.
 22480 | Orc:2    | Gained mutation: Your large and strong wings let you fly indefinitely. [Gargoyle growth]
 22480 | Orc:2    | Reached XP level 14. HP: 96/96 MP: 17/17
 22568 | Orc:2    | Found Livuott's Jewellery Shop.
 22574 | Orc:2    | Bought an uncursed amulet of regeneration for 450 gold pieces
 22583 | Orc:2    | Found Munuwoff's General Store.
 22590 | Orc:2    | Bought a scroll of teleportation for 39 gold pieces
 22943 | Orc:2    | Bought a broad axe for 104 gold pieces
 23137 | Lair:4   | Reached skill level 10 in Shields
 23899 | Lair:5   | Noticed Josephine
 23950 | Lair:5   | Killed Josephine
 23950 | Lair:5   | Reached skill level 13 in Axes
 24556 | Lair:5   | Reached skill level 12 in Armour
 24644 | Lair:6   | Entered Level 6 of the Lair of Beasts
 24742 | Lair:6   | Found a viscous altar of Jiyva.
 24743 | Lair:6   | Found a staircase to the Slime Pits.
 25303 | Lair:6   | Reached skill level 15 in Fighting
 25530 | Lair:6   | Reached ****** piety under Makhleb
 25534 | Lair:6   | Reached skill level 11 in Shields
 25628 | Lair:6   | Reached XP level 15. HP: 103/103 MP: 18/18
 25793 | Lair:6   | Reached skill level 14 in Axes
 25796 | Lair:6   | Found a runed door.
 26607 | Lair:6   | Reached skill level 13 in Armour
 26794 | Shoals:1 | Entered Level 1 of the Shoals
 26836 | Shoals:1 | Found Rudiar's Gadget Boutique.
 27063 | Shoals:1 | Noticed a kraken
 27075 | Shoals:1 | Killed a kraken
 27220 | Shoals:1 | Found a transporter.
 27407 | Shoals:1 | Found a transporter.
 27910 | Shoals:2 | Reached skill level 12 in Shields
 28398 | Shoals:2 | Reached skill level 15 in Axes
 29093 | D:12     | Reached XP level 16. HP: 107/110 MP: 19/19
 29289 | D:12     | Found a roughly hewn altar of Beogh.
 29463 | D:12     | Reached skill level 16 in Fighting
 29818 | D:13     | Noticed Kirke
 29835 | D:13     | Killed Kirke
 29851 | D:13     | Noticed Rupert
 29891 | D:13     | Killed Rupert
 29933 | D:13     | Noticed Azrael
 30052 | D:13     | Killed Azrael
 30135 | D:13     | Noticed Erolcha
 30157 | D:13     | Killed Erolcha
 30232 | D:13     | HP: 4/110 [enormous slime creature (69)]
 30774 | D:13     | Reached skill level 14 in Armour
 30886 | D:13     | Found a gate to the Vaults.
 31352 | D:14     | Found a shimmering altar of Xom.
 31358 | D:14     | Found the +3 mace of Variability {chaos}
 31371 | D:14     | Found Meemm's Magic Scroll Shop.
 31381 | D:14     | Noticed Louise
 31439 | D:14     | Killed Louise
 31478 | D:14     | Bought a scroll of noise for 11 gold pieces
 31478 | D:14     | Bought a scroll of summoning for 104 gold pieces
 31478 | D:14     | Bought 2 scrolls of blinking for 165 gold pieces
 31478 | D:14     | Bought a scroll of fog for 22 gold pieces
 31478 | D:14     | Bought a scroll of fog for 22 gold pieces
 31478 | D:14     | Bought a scroll of fog for 22 gold pieces
 31478 | D:14     | Bought a scroll of teleportation for 33 gold pieces
 31701 | D:14     | Bought a scroll of identify for 22 gold pieces
 31701 | D:14     | Bought a scroll of identify for 22 gold pieces
 31701 | D:14     | Bought a scroll of identify for 22 gold pieces
 31912 | D:14     | Reached skill level 13 in Shields
 32244 | D:15     | Entered Level 15 of the Dungeon
 32255 | D:15     | Learned a level 2 spell: Swiftness
 32330 | D:15     | namelastname112: ты гаргульями стрикать пытаешься?
 32340 | D:15     | theanonym: Стрикаю смерти только
 32341 | D:15     | namelastname112: лол
 32346 | D:15     | namelastname112: как и все мы
 32400 | D:15     | Reached skill level 16 in Axes
 32846 | D:15     | Found a staircase to the Depths.
 32848 | D:15     | namelastname112: дампани
 32849 | D:15     | theanonym: Я же только начал
 33139 | D:15     | namelastname112: хуя се завезли
 33139 | D:15     | namelastname112: можно таргет скиллам теперь ставить?
 33139 | D:15     | theanonym: Что?
 33139 | D:15     | namelastname112: ебануться
 33139 | D:15     | theanonym: Да в тханке
 33139 | D:15     | theanonym: На =
 33139 | D:15     | theanonym: Оказуалили
 33139 | D:15     | namelastname112: лол
 33139 | D:15     | namelastname112: с какой версии играешь?
 33208 | D:15     | Reached XP level 17. HP: 116/116 MP: 19/21
 33522 | Shoals:3 | theanonym: 0.6 вроде, но мало играл
 33522 | Shoals:3 | theanonym: 2010 где-то
 33704 | Shoals:3 | Reached skill level 6 in Invocations
 33705 | Shoals:3 | theanonym: Ловушка телепортировала в воду
 33705 | Shoals:3 | theanonym: Вот бы весело было без полёта
 33723 | Shoals:3 | namelastname112: она бы не телепнуда
 33729 | Shoals:3 | namelastname112: без полета
 33733 | Shoals:3 | namelastname112: так не работает
 34084 | Shoals:3 | Reached skill level 17 in Fighting
 34173 | Shoals:3 | Reached skill level 15 in Armour
 34229 | Shoals:3 | Noticed Polyphemus
 34245 | Shoals:3 | Killed Polyphemus
 34409 | Shoals:3 | Reached skill level 7 in Invocations
 34715 | Shoals:4 | Entered Level 4 of the Shoals
 34774 | Shoals:4 | Reached skill level 14 in Shields
 34808 | Shoals:4 | Noticed Ilsuiw
 34896 | Shoals:4 | Killed Ilsuiw
 35218 | Shoals:4 | Reached skill level 8 in Invocations
 35251 | Shoals:4 | Found the cursed necklace of Bloodlust {*Rage +Rage MR++ Int-3 Slay+6 *Curse}
 35268 | Shoals:4 | theanonym: Стоит бладласт брать?
 35268 | Shoals:4 | theanonym: Там по идее эвоки надо качать чтобы как трог работал
 35268 | Shoals:4 | namelastname112: ну
 35268 | Shoals:4 | namelastname112: как трог работать не будет
 35268 | Shoals:4 | namelastname112: да и не стоит вообще
 35268 | Shoals:4 | namelastname112: рандом берсерк это хуево
 35268 | Shoals:4 | theanonym: >Forces berserk
 35268 | Shoals:4 | theanonym: Да уже нашёл
 35524 | Shoals:4 | Killed from afar by a frost giant

Vault maps used:
D:1:      nicolae_arrival_kraken_aquarium_a, minmay_vboxes
D:3:      marbit_many_paths, chequers_ecumenical_altar_simple
D:4:      nemelex_xobeh_ov_fountains_minmay, kennysheep_little_box, first_bread
D:5:      gup_sewer_entry_bubbles, basic_altar, uniq_ijyb, uniq_blork_the_orc,
          uniq_prince_ribbit1
D:6:      lemuel_coloured_pillars_altar
D:7:      grunt_temple_overflow_open, lemuel_round_altar,
          minmay_temple_entry_butterflies
D:8:      amethyst_overflow_temple_binary, hangedman_ranch, uniq_gastronok
D:9:      lemuel_crystal_altar, minmay_holes
D:10:     orc_0_dummy, minmay_misc_feat_rows
D:11:     erik_lair_dragon
D:12:     special_room
D:13:     grunt_vaults_entry_fortified, uniq_kirke, uniq_rupert, uniq_erolcha,
          uniq_azrael
D:14:     serial_park_avenue1, serial_shops, shop,
          minmay_guarded_unrand_variability, uniq_louise
D:15:     gammafunk_enter_depths_forms, serial_bayou_lagoon_a, minivault_16
Temple:   hc_temple_tempest_star
Lair:1:   lemuel_fruit_tree
Lair:2:   nicolae_spider_entry_orb_guardian, basic_altar, tgw_fedhas
Lair:3:   shoals_dummy_entry, st_stairs_9, uniq_snorg
Lair:4:   grunt_forest_small_clearing_treed, grunt_megastairs_4
Lair:5:   uniq_josephine
Lair:6:   wormcave, hangedman_lair_caniforms_friends, slime_altar_1
Shoals:1: gammafunk_its_a_trap, serial_shops, shop
Shoals:3: cheibrodos_shoals_satyrical_garden, nicolae_shoals_wave_tunnel,
          uniq_polyphemus
Shoals:4: shoals_end_grunt_ice, shoal_ilsuiw, nicolae_shoals_isolated_beach
Orc:1:    cheibrodos_orc_bank
Orc:2:    grunt_orc_cross

Skill      XL: |  1  2  3  4  5  6  7  8  9 10 11 12 13 14 15 16 17 |
---------------+----------------------------------------------------+-----
Axes           | 2 3 5 6 8 9 11 12 13 15 16 | 16.0
Fighting       | 4 5 6 8 10 11 12 13 14 15 16 17 | 17.6
Armour         | 4 5 7 9 10 11 12 13 14 15 | 15.0
Shields        | 4 5 6 8 9 11 12 13 14 | 14.5
Invocations    | 4 5 8 |  8.7

Action                   |  1- 3 |  4- 6 |  7- 9 | 10-12 | 13-15 | 16-18 || total
-------------------------+-------+-------+-------+-------+-------+-------++-------
Melee: War axe           |   121 |   199 |   596 |   876 |   272 |       ||  2064
       Falchion          |       |       |       |     4 |    55 |     9 ||    68
       Broad axe         |       |       |       |       |  1264 |  1279 ||  2543
Invok: Lesser Servant of |       |       |       |     2 |    15 |    17 ||    34
       Minor Destruction |       |       |       |       |     6 |     2 ||     8
       Major Destruction |       |       |       |       |     1 |       ||     1
 Abil: Fly               |       |       |       |       |     1 |       ||     1
Evoke: Wand              |       |       |    15 |    52 |     2 |     5 ||    74
  Use: Scroll            |       |     4 |    13 |    14 |     7 |     8 ||    46
       Potion            |       |       |     4 |     2 |     7 |     7 ||    20
 Stab: Confused          |       |       |     3 |     4 |       |       ||     7
       Distracted        |       |       |       |     2 |     4 |     4 ||    10
       Petrified         |       |       |       |       |     5 |     6 ||    11
       Petrifying        |       |       |       |       |       |     1 ||     1
  Eat: Chunk             |     1 |     8 |    12 |    41 |    24 |    17 ||   103
       Meat ration       |       |       |     2 |       |     1 |       ||     3
       Fruit             |       |       |     1 |       |       |       ||     1
       Bread ration      |       |       |       |       |     1 |     1 ||     2
Armor: Scale mail        |    74 |   147 |   185 |       |       |       ||   406
       Plate armour      |       |       |   191 |   493 |   920 |   651 ||  2255
       Skin              |       |       |       |       |       |     4 ||     4
Dodge: Dodged            |    38 |    73 |   211 |   265 |   544 |   506 ||  1637
Block: Shield            |    67 |   129 |   397 |   475 |  1059 |   911 ||  3038
       Rpst.: Falchion   |       |       |       |       |     7 |       ||     7

Table legend:
 A = Spawn XP
 B = Non-spawn XP
 C = Spawn XP percentage of total XP
 D = Spawn monster count
 E = Non-spawn monster count
 F = Spawn count percentage of total count
 G = Total turns spent on level
                    A         B        C        D         E        F      G
               +---------+---------+-------+---------+---------+-------+---------
         Total |       0 |  240599 |   0.0 |       0 |     990 |   0.0 | 35524
               +---------+---------+-------+---------+---------+-------+---------
           D:1 |       0 |     133 |   0.0 |       0 |      27 |   0.0 |  1464
           D:2 |       0 |     321 |   0.0 |       0 |      25 |   0.0 |  1157
           D:3 |       0 |     119 |   0.0 |       0 |      21 |   0.0 |  1254
           D:4 |       0 |     535 |   0.0 |       0 |      21 |   0.0 |  1767
           D:5 |       0 |     524 |   0.0 |       0 |      28 |   0.0 |  1410
           D:6 |       0 |     714 |   0.0 |       0 |      16 |   0.0 |  1252
           D:7 |       0 |    1344 |   0.0 |       0 |      35 |   0.0 |  1510
           D:8 |       0 |    8523 |   0.0 |       0 |      59 |   0.0 |  1599
           D:9 |       0 |    1762 |   0.0 |       0 |      30 |   0.0 |  1103
          D:10 |       0 |    2345 |   0.0 |       0 |      27 |   0.0 |  1012
          D:11 |       0 |    4243 |   0.0 |       0 |      30 |   0.0 |  1943
          D:12 |       0 |    7300 |   0.0 |       0 |      45 |   0.0 |  1130
          D:13 |       0 |   23686 |   0.0 |       0 |      59 |   0.0 |  1275
          D:14 |       0 |   13488 |   0.0 |       0 |      37 |   0.0 |   961
          D:15 |       0 |   11712 |   0.0 |       0 |      28 |   0.0 |   993
        Temple |       0 |     193 |   0.0 |       0 |       3 |   0.0 |   495
        Lair:1 |       0 |    3395 |   0.0 |       0 |      16 |   0.0 |  1122
        Lair:2 |       0 |    8672 |   0.0 |       0 |      28 |   0.0 |  1903
        Lair:3 |       0 |    6756 |   0.0 |       0 |      24 |   0.0 |  1379
        Lair:4 |       0 |    6314 |   0.0 |       0 |      25 |   0.0 |   850
        Lair:5 |       0 |    5362 |   0.0 |       0 |      12 |   0.0 |   844
        Lair:6 |       0 |   34474 |   0.0 |       0 |     123 |   0.0 |  1973
      Shoals:1 |       0 |   13171 |   0.0 |       0 |      24 |   0.0 |  1083
      Shoals:2 |       0 |   14190 |   0.0 |       0 |      32 |   0.0 |   919
      Shoals:3 |       0 |   26954 |   0.0 |       0 |      50 |   0.0 |  1194
      Shoals:4 |       0 |   29480 |   0.0 |       0 |      48 |   0.0 |   809
         Orc:1 |       0 |    6983 |   0.0 |       0 |      59 |   0.0 |  1266
         Orc:2 |       0 |    7906 |   0.0 |       0 |      58 |   0.0 |  1857
               +---------+---------+-------+---------+---------+-------+---------
